 Dungeon Crawl Stone Soup version 0.21-a0-583-g2c32b0f (webtiles) character file.

145 slep the Chopper (level 5, 0/39 HPs)
             Began as a Demonspawn Gladiator on Dec 20, 2017.
             Slain by a worm (4 damage)
             ... on level 3 of the Dungeon.
             The game lasted 00:06:00 (1723 turns).

slep the Chopper (Demonspawn Gladiator)             Turns: 1723, Time: 00:06:01

Health: 0/39       AC:  3    Str: 14    XL:     5   Next: 6%
Magic:  5/5        EV: 13    Int:  9    God:
Gold:   164        SH:  0    Dex: 16    Spells: 4/4 levels left

rFire    . . .     SeeInvis .   a - +0 war axe
rCold    . . .     Gourm    .   (no shield)
rNeg     . . .     Faith    .   b - +0 leather armour
rPois    +         Spirit   .   (helmet restricted)
rElec    .         Reflect  .   (no cloak)
rCorr    .         Harm     .   (no gloves)
MR       +....                  (no boots)
Stlth    +.........             (no amulet)
HPRegen  0.13/turn              j - ring of protection from magic
MPRegen  0.09/turn              l - ring of poison resistance

@: no status effects
A: antennae 2, powered by pain 1
a: no special abilities


You were on level 3 of the Dungeon.
You were not hungry.

You visited 1 branch of the dungeon, and saw 3 of its levels.

You collected 164 gold pieces.

Inventory:

Hand Weapons
 a - a +0 war axe (weapon)
Missiles
 d - 3 throwing nets (quivered)
Armour
 b - a +0 leather armour (worn)
 c - a +0 helmet
Jewellery
 j - a ring of protection from magic (left hand)
 l - a ring of poison resistance (right hand)
Scrolls
 e - a scroll of enchant weapon {unknown}
 g - a scroll of immolation {unknown}
 k - 2 scrolls of identify {unknown}
 m - 4 scrolls of teleportation {unknown}
 s - a scroll of enchant armour {unknown}
Potions
 h - a potion of brilliance {unknown}
 i - a potion of agility {unknown}
 n - a potion of heal wounds {unknown}
 o - a potion of mutation {unknown}
 p - 2 potions of berserk rage {unknown}
 q - a potion of magic {unknown}
 r - a potion of curing {unknown}
Comestibles
 f - 4 rations
 t - 4 chunks of flesh


   Skills:
 + Level 2.4 Fighting
 + Level 4.0 Axes
 + Level 2.2 Throwing
 + Level 1.3 Armour
 + Level 3.3 Dodging
 + Level 0.2 Stealth


You had 4 spell levels left.
You didn't know any spells.

Dungeon Overview and Level Annotations

Branches:
Dungeon (3/15)

Altars:


Innate Abilities, Weirdness & Mutations

You have a pair of antennae on your head.
You sometimes gain a little power by taking damage.


Message History

You now have 164 gold pieces (gained 10).
Found a stone staircase leading down.
A gnoll comes into view. It is wielding a halberd.
A worm comes into view.
The gnoll barely misses you.
You barely miss the gnoll. The gnoll hits you with a halberd!
* * * LOW HITPOINT WARNING * * *
You barely miss the gnoll. The gnoll hits you but does no damage.
You slash the gnoll!
The gnoll is severely wounded.
The gnoll barely misses you.
You slash the gnoll!
You kill the gnoll!
You have reached level 5!
You see here a halberd.
You barely miss the worm. You hit the worm.
The worm is lightly wounded.
The worm bites you.
You die...

#######..... ####.......#
#.........##
###.##.####.# ....##.#
#.# .#####.# #.# .## #.#
#.#
.....(#.###.#########..##
####.###.......w@).......
#.###.##>####......
#.##.# #.### ...#.# #
##..... {{{ ##.#.# .#w#
...


You could see a worm.

Vanquished Creatures
  A gnoll (D:3)
  4 adders
  An ooze (D:3)
  4 worms (D:2)
  A dart slug (D:1)
  3 leopard geckos
  4 giant cockroaches
  9 goblins
  6 hobgoblins
  16 jackals
  3 quokkas (D:2)
  A ball python (D:3)
  6 bats
  8 frilled lizards
  3 kobolds
  2 rats
72 creatures vanquished.

Notes
Turn   | Place    | Note
-------+----------+-------------------------------------------
     0 | D:1      | slep the Demonspawn Gladiator began the quest for the Orb.
     0 | D:1      | Reached XP level 1. HP: 16/16 MP: 1/1
   175 | D:1      | Gained mutation: You sometimes gain a little power by taking damage. [demonic ancestry]
   175 | D:1      | Reached XP level 2. HP: 15/22 MP: 2/2
   231 | D:1      | Reached skill level 3 in Axes
   664 | D:1      | Gained mutation: You have a pair of small antennae on your head. [demonic ancestry]
   664 | D:1      | Reached XP level 3. HP: 27/27 MP: 3/3
   948 | D:2      | Reached skill level 1 in Armour
   996 | D:2      | Gained mutation: You have a pair of antennae on your head. [demonic ancestry]
   996 | D:2      | Reached XP level 4. HP: 21/33 MP: 4/4
  1655 | D:3      | Reached skill level 4 in Axes
  1718 | D:3      | Reached XP level 5. HP: 3/39 MP: 5/5
  1723 | D:3      | Slain by a worm

Vault maps used:
D:1:      dpeg_arrival_three_same_balls, minmay_tetromino_i2
D:3:      first_ration

Skill      XL: |  1  2  3  4 |
---------------+-------------+-----
Throwing       | 2 |  2.2
Axes           | 3 4 |  4.0
Dodging        | 3 |  3.3
Armour         | 1 |  1.3
Fighting       | |  2.4
Stealth        | |  0.2

Action                   |  1- 3 |  4- 6 || total
-------------------------+-------+-------++-------
Melee: War axe           |   101 |   114 ||   215
 Stab: Sleeping          |     2 |     1 ||     3
  Eat: Chunk             |       |     3 ||     3
Armor: Leather armour    |    21 |    22 ||    43
Dodge: Dodged            |    80 |   100 ||   180

Table legend:
 A = Spawn XP
 B = Non-spawn XP
 C = Spawn XP percentage of total XP
 D = Spawn monster count
 E = Non-spawn monster count
 F = Spawn count percentage of total count
 G = Total turns spent on level
                    A         B        C        D         E        F      G
               +---------+---------+-------+---------+---------+-------+---------
         Total |       0 |     208 |   0.0 |       0 |      72 |   0.0 |  1723
               +---------+---------+-------+---------+---------+-------+---------
           D:1 |       0 |      49 |   0.0 |       0 |      27 |   0.0 |   807
           D:2 |       0 |      96 |   0.0 |       0 |      27 |   0.0 |   737
           D:3 |       0 |      63 |   0.0 |       0 |      18 |   0.0 |   179
               +---------+---------+-------+---------+---------+-------+---------
